 Dungeon Crawl Stone Soup version 0.29-a0-409-gd843f3a48c (webtiles) character file.

Game seed: 1011210448851746381

292 siradein the Caller (level 6, -5/41 HPs)
             Began as a Merfolk Summoner on May 15, 2022.
             Killed from afar by a steam dragon (9 damage)
             ... with a ball of steam
             ... on level 4 of the Dungeon.
             The game lasted 00:08:39 (3626 turns).

siradein the Caller (Merfolk Summoner)              Turns: 3626, Time: 00:08:39

Health: -5/41      AC: 10    Str:  8    XL:     6   Next: 33%
Magic:  1/12       EV: 25    Int: 17    God:
Gold:   122        SH:  0    Dex: 14    Spells: 7/13 levels left

rFire   . . .      SeeInvis .   q - +0 spear
rCold   . . .      Faith    .   (no shield)
rNeg    . . .      Spirit   .   y - +2 ring mail {rPois}
rPois   +          Reflect  .   h - +2 hat
rElec   .          Harm     .   (no cloak)
rCorr   .          Rampage  .   (no gloves)
Will    .....                   f - +0 pair of boots
Stlth   +.........              w - amulet of the acrobat
HPRegen 0.13/turn               r - ring of wizardry
MPRegen 0.13/turn               p - +4 ring of slaying

@: acrobatic, very slightly contaminated
A: (nimble swimmer 2), mertail
a: no special abilities


You were on level 4 of the Dungeon.
You visited 1 branch of the dungeon, and saw 4 of its levels.

You collected 122 gold pieces.

Inventory:

Hand Weapons
 q - a +0 spear (weapon)
Armour
 f - a +0 pair of boots (worn)
 h - a +2 hat (worn)
 y - a +2 ring mail of poison resistance (worn)
Jewellery
 m - an amulet of faith
 o - a ring of protection from cold
 p - a +4 ring of slaying (right hand)
 r - a ring of wizardry (left hand)
 w - an amulet of the acrobat (around neck)
Scrolls
 a - 2 scrolls of brand weapon
 c - a scroll of poison {unknown}
 d - a scroll of immolation {unknown}
 j - a scroll of amnesia {unknown}
 l - 2 scrolls of teleportation
 n - a scroll of magic mapping {unknown}
 u - a scroll of enchant armour {unknown}
 x - a scroll of blinking {unknown}
Potions
 b - a potion of magic
 e - a potion of resistance {unknown}
 g - a potion of invisibility {unknown}
 k - a potion of ambrosia {unknown}
 s - 2 potions of heal wounds
 z - a potion of flight {unknown}


   Skills:
 - Level 2.6 Dodging
 - Level 2.1 Stealth
 + Level 4.4 Spellcasting
 + Level 5.9 Summonings


You had 7 spell levels left.
You knew the following spells:

 Your Spells              Type           Power      Damage    Failure   Level
a - Summon Small Mammal   Summ           96%        N/A       1%          1
b - Call Imp              Summ           24%        N/A       2%          2
c - Call Canine Familiar  Summ           24%        N/A       4%          3

Your spell library contained the following spells:

 Spells                   Type           Power      Damage    Failure   Level
 Summon Guardian Golem    Hex/Summ       13%        N/A       16%         3
 Ignite Poison            Fire/Tmut/Pois 3%         N/A       45%         3
 Mephitic Cloud           Conj/Pois/Air  3%         N/A       45%         3
 Tukima's Dance           Hex            3%         N/A       45%         3
 Summon Lightning Spire   Summ/Air       13%        N/A       45%         4
 Passage of Golubria      Tloc           3%         N/A       86%         4
 Freezing Cloud           Conj/Ice/Air   1%         6-21      99%         5
 Yara's Violent Unravell  Hex/Tmut       1%         3d3       99%         5


Dungeon Overview and Level Annotations

Branches:
Dungeon (4/15)
 Temple: D:4-7

Altars:


Innate Abilities, Weirdness & Mutations

((You are very nimble when in or above water. (Stealth+, EV+, Speed+++)))
Your lower body shifts to a powerful aquatic tail in water.


Message History

You are engulfed in a cloud of scalding steam.
The steam dragon closely misses you. The steam dragon claws you.
Unknown command.
You are too injured to fight recklessly!
Casting: Call Canine Familiar (dangerous; 4% risk of failure)
Confirm with . or Enter, or press ? or * to list all spells.
You are engulfed in a cloud of scalding steam.
The steam dragon bites you. The steam dragon claws you.
You hit the steam dragon.
The steam dragon is severely wounded.
You are engulfed in a cloud of scalding steam.
The steam dragon bites you.
* * * LOW HITPOINT WARNING * * *
The steam dragon closely misses you.
An endoplasm comes into view.
Your hound is engulfed in a cloud of scalding steam.
Really walk into that cloud of steam?
Okay, then.
There are monsters nearby!
Really walk into that cloud of steam?
You are engulfed in a cloud of scalding steam.
* * * LOW HITPOINT WARNING * * *
Your hound is engulfed in a cloud of scalding steam.
The steam dragon bites your hound.
Your hound dies!
Your hound's corpse disappears in a puff of smoke!
Casting: Call Canine Familiar (dangerous; 4% risk of failure)
Confirm with . or Enter, or press ? or * to list all spells.
You don't have enough magic to cast this spell.
Casting: Call Canine Familiar (dangerous; 4% risk of failure)
Confirm with . or Enter, or press ? or * to list all spells.
You miscast Call Imp.
You are very lightly contaminated with residual magic.
Nothing appears to happen.
The steam dragon breathes steam at you. The ball of steam hits you.
* * * LOW HITPOINT WARNING * * *
The steam dragon breathes steam at you. The ball of steam hits you!
You die...

##############
#.§..........#
###.#####.####.#
#.........####.##.###
#$.§...##.##§.......#
#...##.##.##J#.##.#...
##......@§§D...# ..
#..#####.###### ...
#..#####.# ..
#........# .
#.######## #.# #h# #D#
#)#


There were no monsters in sight!

Vanquished Creatures
  An ogre (D:3)
  4 adders
  6 endoplasms
  2 giant cockroaches (D:2)
  2 goblins (D:2)
  6 hobgoblins
  A jackal (D:1)
  A quokka (D:2)
  6 ball pythons
  5 bats
  3 frilled lizards (D:1)
  3 kobolds
  3 rats
43 creatures vanquished.

Vanquished Creatures (collateral kills)
  A jelly (D:3)
  An orc priest (D:3)
  2 adders
  3 worms
  4 orcs
  2 endoplasms (D:3)
  2 giant cockroaches
  6 goblins
  3 hobgoblins
  A jackal (D:1)
  2 kobolds
  3 ball pythons
  3 bats (D:1)
  A frilled lizard (D:1)
  A rat (D:1)
35 creatures vanquished.

Grand Total: 78 creatures vanquished

Notes
Turn   | Place    | Note
-------+----------+-------------------------------------------
     0 | D:1      | siradein the Merfolk Summoner began the quest for the Orb.
     0 | D:1      | Reached XP level 1. HP: 13/13 MP: 3/3
   539 | D:1      | Found a faded altar of an unknown god.
   555 | D:1      | Reached XP level 2. HP: 19/19 MP: 5/5
   678 | D:1      | You fall into a shaft and drop 1 floor!
   748 | D:1      | Learned a level 2 spell: Call Imp
   862 | D:1      | Reached XP level 3. HP: 24/24 MP: 6/6
  1758 | D:2      | Reached XP level 4. HP: 30/30 MP: 6/8
  1809 | D:2      | Learned a level 3 spell: Call Canine Familiar
  2071 | D:2      | Reached skill level 5 in Summonings
  2319 | D:3      | Noticed an ogre
  2403 | D:3      | Reached XP level 5. HP: 34/35 MP: 4/10
  2842 | D:3      | Killed an ogre
  2843 | D:3      | Reached XP level 6. HP: 3/41 MP: 1/12
  3570 | D:4      | Noticed a steam dragon
  3626 | D:4      | Killed from afar by a steam dragon

Illustrated notes

Levels and vault maps discovered:
D:1:      dpeg_chamrin_arrival_tetris, layout_rooms, basic_ecumenical_altar,
          hex_tiny, hangedman_decor_growths
D:2:      layout_loops_ring, minmay_misc_feat_diagonals, minmay_misc_feat_plants
D:3:      layout_loops_ring
D:4:      layout_loops_cross, lightli_sewer_entry_pipes

Skill      XL: |  1  2  3  4  5 |
---------------+----------------+-----
Spellcasting   | 3 4 |  4.4
Summonings     | 5 |  5.9
Dodging        | |  2.6
Stealth        | |  2.1

Action                   |  1- 3 |  4- 6 || total
-------------------------+-------+-------++-------
Melee: Unarmed           |     8 |       ||     8
       Dagger            |    78 |       ||    78
       Spear             |    20 |    66 ||    86
       Punch             |     1 |       ||     1
 Cast: Summon Small Mamm |    30 |     1 ||    31
       Call Imp          |       |     8 ||     8
       Call Canine Famil |       |    21 ||    21
  Use: Scroll            |       |     5 ||     5
 Stab: Distracted        |     1 |       ||     1
       Sleeping          |     1 |     2 ||     3
Armor: Robe              |    12 |       ||    12
       Leather armour    |    33 |     7 ||    40
       Ring mail         |       |     5 ||     5
Dodge: Dodged            |    64 |    22 ||    86

Table legend: (Time is in decaauts)
 A = Elapsed time spent in this place.
 B = Non-inter-level travel time spent in this place.
 C = Inter-level travel time spent in this place.
 D = Time resting spent in this place.
 E = Time spent auto-exploring this place.
 F = Levels seen in this place.
 G = Mean time per level.
                   A        B        C        D        E       F      G
               +--------+--------+--------+--------+--------+-----+--------+
         Total |   3634 |   3498 |    136 |      9 |   2694 |   4 |  908.5 |
       Dungeon |   3634 |   3498 |    136 |      9 |   2694 |   4 |  908.5 |
               +--------+--------+--------+--------+--------+-----+--------+

Top non-repeatable levels by time:
     D:1: 1199 daAuts
     D:3: 1185 daAuts
     D:2: 1172 daAuts
     D:4: 76 daAuts
